 Dungeon Crawl Stone Soup version 0.23.2 (webtiles) character file.

Game seed: 9622911537733817860

436 Illumine the Chopper (level 6, -2/56 HPs)
             Began as a Deep Dwarf Fighter on Oct 2, 2019.
             Slain by an orc warrior
             ... wielding a +0 halberd
              (16 damage)
             ... on level 6 of the Dungeon.
             The game lasted 00:04:24 (1477 turns).

Illumine the Chopper (Deep Dwarf Fighter)           Turns: 1477, Time: 00:04:25

Health: -2/56      AC:  6    Str: 21    XL:     6   Next: 68%
Magic:  3/3        EV:  7    Int:  9    God:
Gold:   47         SH:  9    Dex: 12    Spells: 5/5 levels left

rFire    + . .     SeeInvis .   a - +0 war axe
rCold    + . .     Gourm    .   c - +0 shield
rNeg     . . .     Faith    .   b - +0 scale mail
rPois    +         Spirit   .   (no helmet)
rElec    +         Reflect  .   (no cloak)
rCorr    +         Harm     .   (no gloves)
MR       .....                  (no boots)
Stlth    ..........             (no amulet)
HPRegen  0.00/turn              (no ring)
MPRegen  0.08/turn              (no ring)

@: lethally poisoned (-2 -> -2), resistant, non-regenerating
A: damage resistance, heal wounds, sense surroundings 1, no regeneration
a: Heal Wounds


You were on level 6 of the Dungeon.
You were very hungry.

You visited 1 branch of the dungeon, and saw 6 of its levels.

You collected 47 gold pieces.

Inventory:

Hand Weapons
 a - a +0 war axe (weapon)
Missiles
 r - 22 bolts
Armour
 b - a +0 scale mail (worn)
 c - a +0 shield (worn)
 u - a cursed +0 ring mail
Jewellery
 q - an uncursed amulet of guardian spirit {unknown}
Scrolls
 d - a scroll of magic mapping {unknown}
 e - 2 scrolls of teleportation
 j - a scroll of noise {unknown}
 k - a scroll of identify {unknown}
 n - a scroll of remove curse
 s - a scroll of amnesia {unknown}
 t - a scroll of enchant weapon {unknown}
Potions
 h - a potion of brilliance {unknown}
 i - a potion of resistance
 l - a potion of haste {unknown}
 m - a potion of magic {unknown}
 o - a potion of invisibility {unknown}
 p - a potion of curing {unknown}
Comestibles
 f - 4 rations


   Skills:
 - Level 3.0 Fighting
 * Level 7.6 Axes
 - Level 3.5 Armour
 - Level 3.4 Shields


You had 5 spell levels left.
You didn't know any spells.
Your spell library was empty.

Dungeon Overview and Level Annotations

Branches:
Dungeon (6/15)
 Temple: D:4-7

Altars:
Cheibriados
Elyvilon
Kikubaaqudgha
Vehumet
Wu Jian
Zin

Annotations:
D:4 1 runed translucent door, Crazy Yiuf
D:6 Grinder, Sigmund


Innate Abilities, Weirdness & Mutations

You are resistant to damage.
You can heal yourself by infusing magical energy.
You passively map a small area around you.
You do not regenerate.


Message History

You miss the bullfrog. The bullfrog hits you. x2
Your shield and scale mail prevent you from hitting the bullfrog.
Grinder blinks!
The bullfrog hits you.
* * * LOW HITPOINT WARNING * * *
The bullfrog barely misses you.
You slice the bullfrog!!
The bullfrog is almost dead.
You block the bullfrog's attack.
An orc warrior comes into view. It is wielding a +0 halberd.
You block the bullfrog's attack.
You barely miss the bullfrog.
The bullfrog is almost dead.
The orc warrior closely misses you.
The bullfrog snags a nearby mouse with its tongue.
The bullfrog hits you but does no damage.
The bullfrog hits you.
You slash the bullfrog!
You kill the bullfrog!
The orc warrior hits you from afar with a +0 halberd!!
You die...

* * ....# , , , ,
# #..# . , ,* * *
, #.#..## .. , **
#...... ... ,,
*###..## .... , *
* * , #..# ** ,
.....## * # *
#..#
,,#.....###.#####
#..#
#.....<@.......
,...# ,
#...!o#####.###
,....# * *
*####.. , ..@..*
...# , ...(..
.#.#* , *∩* , ,,
#,.# * , , .#* *
.# *, ,* * * ,


You could see an orc warrior.

Vanquished Creatures
  Menkaure (D:5)
  A bullfrog (D:6)
  A scorpion (D:5)
  A centaur skeleton (D:4)
  An iguana (D:4)
  Terence (D:3)
  A worker ant (D:5)
  8 adders
  A worm (D:3)
  A dart slug (D:5)
  2 leopard geckos
  2 orcs
  2 giant cockroaches
  2 goblins
  3 jackals (D:3)
  A quokka (D:3)
  2 bats
  6 frilled lizards
  5 kobolds
  2 rats
44 creatures vanquished.

Notes
Turn   | Place    | Note
-------+----------+-------------------------------------------
     0 | D:1      | Illumine the Deep Dwarf Fighter began the quest for the
                  | Orb.
     0 | D:1      | Reached XP level 1. HP: 20/20 MP: 1/1
   222 | D:2      | Reached XP level 2. HP: 28/28 MP: 2/2
   308 | D:3      | Reached skill level 3 in Axes
   325 | D:3      | Reached XP level 3. HP: 20/34 MP: 3/3
   446 | D:3      | Noticed Terence
   454 | D:3      | Killed Terence
   454 | D:3      | Reached skill level 4 in Axes
   454 | D:3      | Reached XP level 4. HP: 41/42 MP: 3/3
   489 | D:4      | Reached skill level 5 in Axes
   503 | D:4      | Reached XP level 5. HP: 25/49 MP: 4/4
   515 | D:4      | Found a runed translucent door.
   516 | D:4      | Noticed Crazy Yiuf
   683 | D:4      | Found a glowing silver altar of Zin.
   684 | D:4      | Found a radiant altar of Vehumet.
   770 | D:5      | Entered Level 5 of the Dungeon
  1054 | D:5      | Noticed Menkaure
  1071 | D:5      | Killed Menkaure
  1071 | D:5      | Reached skill level 6 in Axes
  1071 | D:5      | Reached XP level 6. HP: 26/56 MP: 4/4
  1078 | D:5      | Found a white marble altar of Elyvilon.
  1093 | D:5      | Found a snail-covered altar of Cheibriados.
  1096 | D:5      | Found an ancient bone altar of Kikubaaqudgha.
  1097 | D:5      | Found an ornate altar of the Wu Jian Council.
  1299 | D:5      | Reached skill level 7 in Axes
  1382 | D:6      | Noticed Sigmund
  1468 | D:6      | Noticed Grinder
  1469 | D:6      | Paralysed by Grinder for 3 turns
  1474 | D:6      | Noticed an orc warrior
  1477 | D:6      | Slain by an orc warrior

Skill      XL: |  1  2  3  4  5  6 |
---------------+-------------------+-----
Fighting       | 3 |  3.0
Axes           | 3 4 5 6 7 |  7.6
Armour         | |  3.5
Shields        | |  3.4

Action                   |  1- 3 |  4- 6 || total
-------------------------+-------+-------++-------
Melee: War axe           |    88 |    86 ||   174
 Abil: Heal Wounds       |     1 |     7 ||     8
  Use: Potion            |     1 |     1 ||     2
       Scroll            |       |     4 ||     4
  Eat: Chunk             |       |     1 ||     1
Armor: Scale mail        |    35 |    24 ||    59
Dodge: Dodged            |    29 |    29 ||    58
Block: Shield            |    47 |    33 ||    80
